 Dungeon Crawl Stone Soup version 0.22-a0-301-gf0fe05c (webtiles) character file.

23421 tidbits the Martial Artist (level 13, -22/98 HPs)
             Began as a Gnoll Transmuter on Mar 26, 2018.
             Was an Elder of Cheibriados.
             Killed from afar by Azrael (28 damage)
             ... with a fireball
             ... on level 2 of the Orcish Mines.
             The game lasted 01:03:39 (4076 turns).

tidbits the Martial Artist (Gnoll Transmuter)       Turns: 4076, Time: 01:03:40

Health: -22/98     AC:  8    Str: 22    XL:     13   Next: 6%
Magic:  13/26      EV: 22    Int: 34    God:    Cheibriados [****..]
Gold:   1106       SH:  0    Dex: 28    Spells: 8/30 levels left

rFire    . . .     SeeInvis .     - Unarmed
rCold    + . .     Gourm    .   (shield currently unavailable)
rNeg     . . .     Faith    .   B - +0 robe (curse)
rPois    +         Spirit   .   E - +2 hat
rElec    .         Reflect  .   C - +2 cloak {rPois}
rCorr    .         Harm     .   (gloves currently unavailable)
MR       .....                  (no boots)
Stlth    +++++.....             (no amulet)
HPRegen  0.26/turn              t - ring of protection from cold
MPRegen  0.20/turn              x - +5 ring of intelligence

@: blade hands, very slow
A: distributed training, fangs 1, strong nose
a: End Transformation, Bend Time, Temporal Distortion, Slouch, Renounce Religion


You were on level 2 of the Orcish Mines.
You worshipped Cheibriados.
Cheibriados was greatly pleased with you.
You were not hungry.
You had blades for hands.
You visited 3 branches of the dungeon, and saw 16 of its levels.

You collected 1301 gold pieces.
You spent 195 gold pieces at shops.

Inventory:

Hand Weapons
 a - a +1 dagger of electrocution (melded)
   (You found it on level 2 of the Dungeon)
Missiles
 f - 42 stones
 j - 2 throwing nets {!f}
 l - 109 arrows
 o - 33 sling bullets
 z - 33 tomahawks (quivered)
Armour
 w - a +1 ring mail of fire resistance
   (You found it on level 5 of the Dungeon)
 B - a cursed +0 robe (worn)
 C - a +2 cloak of poison resistance (worn)
   (You bought it in a shop on level 5 of the Dungeon)
 D - a cursed +0 buckler (melded)
 E - a +2 hat (worn)
 H - a +0 robe
 M - +0 ice dragon scales
 O - a +2 robe of magic resistance
   (You took it off an orc wizard on level 1 of the Orcish Mines)
Magical Staves
 m - an uncursed staff of air
   (You found it on level 7 of the Dungeon)
Jewellery
 h - an uncursed ring of ice
   (You found it on level 1 of the Dungeon)
 k - an uncursed ring of ice
   (You found it on level 8 of the Dungeon)
 t - a ring of protection from cold (left scythe-like blade)
   (You found it on level 4 of the Dungeon)
 x - a +5 ring of intelligence (right scythe-like blade)
   (You found it on level 6 of the Dungeon)
Wands
 J - a wand of clouds (2)
 N - a wand of polymorph (11)
 Q - a wand of flame (38)
Scrolls
 e - a scroll of holy word
 g - 2 scrolls of fear
 i - a scroll of immolation
 p - 3 scrolls of enchant weapon
 r - 7 scrolls of remove curse
 s - 2 scrolls of blinking
 u - a scroll of amnesia
 y - a scroll of random uselessness
 A - a scroll of noise
 K - a scroll of fog
 L - 2 scrolls of teleportation
 P - a scroll of magic mapping
Potions
 b - 2 potions of cancellation
 d - 9 potions of curing
 n - a potion of degeneration
 q - a potion of lignification
 v - 3 potions of heal wounds
 F - a potion of ambrosia {unknown}
 I - 2 potions of berserk rage {unknown}
Miscellaneous
 G - a crystal ball of energy
Comestibles
 c - 17 rations


   Skills:
 + Level 8.2 Fighting
 + Level 7.8 Short Blades
 + Level 7.8 Long Blades
 + Level 7.8 Axes
 + Level 7.8 Maces & Flails
 + Level 7.8 Polearms
 + Level 7.8 Staves
 + Level 7.8 Slings
 + Level 7.8 Bows
 + Level 7.8 Crossbows
 + Level 7.8 Throwing
 + Level 7.8 Armour
 + Level 9.1 Dodging
 + Level 7.8 Stealth
 + Level 7.8 Shields
 + Level 10.1 Unarmed Combat
 + Level 9.3 Spellcasting
 + Level 6.4 Conjurations
 + Level 6.4 Hexes
 + Level 6.4 Charms
 + Level 6.4 Summonings
 + Level 6.4 Necromancy
 + Level 6.4 Translocations
 + Level 7.6 Transmutations
 + Level 6.4 Fire Magic
 + Level 6.4 Ice Magic
 + Level 6.4 Air Magic
 + Level 6.4 Earth Magic
 + Level 6.4 Poison Magic
 + Level 8.5 Invocations
 + Level 7.8 Evocations


You had 8 spell levels left.
You knew the following spells:

 Your Spells              Type           Power        Failure   Level  Hunger
c - Confuse               Hex            ######..     12%         3    None
e - Beastly Appendage     Tmut           ######       8%          1    None
h - Blade Hands           Tmut           ######....   28%         5    ###....
i - Ice Form              Ice/Tmut       ######..     19%         4    None
k - Sticks to Snakes      Tmut           ######..     9%          2    None
p - Spider Form           Tmut/Pois      ######....   12%         3    None
r - Regeneration          Chrm/Necr      ######....   12%         3    None
A - Apportation           Tloc           ######       9%          1    None


Dungeon Overview and Level Annotations

Branches:
Dungeon (13/15)            Temple (1/1) D:5            Lair (0/6) D:10
    Orc (2/2) D:12         Vaults (0/5) D:13
    Elf: Orc:2

Altars:
Cheibriados
Elyvilon
Gozag
Hepliaklqana
Nemelex Xobeh
Okawaru
Sif Muna
Trog
Uskayaw
Vehumet
Yredelemnul
The Shining One
Beogh

Shops:
D:5 [   D:10 =

Annotations:
D:11 Demitroll's ghost, journeyman TeFi
Orc:2 Azrael


Innate Abilities, Weirdness & Mutations

Your experience applies equally to all skills.
You have very sharp teeth.
Your uncanny sense of smell can sniff out nearby items.


Message History

Things that are here:
a halberd; a chain mail; an orc corpse
Found 32 gold pieces.
Your water moccasin withers and dies!
Your water moccasin withers and dies!
Found 23 gold pieces.
Casting: Apportation (safe; 1% risk of failure)
Confirm with . or Enter, or press ? or * to list all spells.
Aiming: Apportation (safe; 1% risk of failure)
Press: ? - help, Dir - move target cursor Apport: 22 gold pieces Yoink!
You pull the items towards yourself.
Casting: Apportation (safe; 1% risk of failure)
Confirm with . or Enter, or press ? or * to list all spells.
Aiming: Apportation (safe; 1% risk of failure)
Press: ? - help, Dir - move target cursor Apport: 23 gold pieces
Okay, then.
Casting: Apportation (safe; 1% risk of failure)
Confirm with . or Enter, or press ? or * to list all spells.
Aiming: Apportation (safe; 1% risk of failure)
Press: ? - help, Dir - move target cursor Apport: 23 gold pieces Yoink!
You pull the items towards yourself.
Casting: Apportation (safe; 1% risk of failure)
Confirm with . or Enter, or press ? or * to list all spells.
Aiming: Apportation (safe; 1% risk of failure)
Press: ? - help, Dir - move target cursor Apport: 32 gold pieces Yoink!
You pull the items towards yourself.
You now have 1085 gold pieces (gained 77).
Things that are here:
a tomahawk; 21 gold pieces
z - 32 tomahawks (gained 1)
You now have 1106 gold pieces (gained 21).
There is a stone staircase leading up, spattered with blood here.
You see here a tomahawk.
z - 33 tomahawks (gained 1)
Things that are here:
a ring mail; a battleaxe of freezing; the human skeleton of Rupert Azrael the Boundless Flame comes into view.
He is wielding a scimitar of flaming.
Things that are here:
a robe; a club Unknown command.
Unknown command.
Evoke which item? (* to show all) (? for menu, Esc to quit)
Okay, then.
Unknown command.
Press: ? - help, v - describe, . - travel
Here: Azrael, wielding a scimitar of flaming (hasn't noticed you)
The floor.
Unknown command.
Azrael gestures at you.
The fireball explodes!
The fireball engulfs you!
You hear a shout! x5; You hear a howl!
You hear a shout! x2
A fire elemental comes into view.
You see here a gnoll skeleton.
You warp the flow of time around you!
You feel somewhat more hungry.
Cheibriados lowers the support of your attributes as your movement quickens. 3 fire elementals come into view.
Casting: Apportation (safe; 1% risk of failure)
Confirm with . or Enter, or press ? or * to list all spells.
Your hands turn into razor-sharp scythe blades.
Your +1 dagger of electrocution melds into your body.
Your cursed +0 buckler melds into your body.
Your +1 dagger of electrocution stops crackling.
Azrael gestures at you.
The sphere of damnation explodes!
The damnation engulfs you!
* * * LOW HITPOINT WARNING * * *
The damnation engulfs Azrael.
Azrael completely resists.
You hear a howl!
You hear a shout!
You hear a howl!
Unknown command.
You slice Azrael!! You slash Azrael. You bite Azrael, but do no damage.
Azrael is moderately wounded.
Azrael misses you.
You slice Azrael!!
Azrael is heavily wounded.
Azrael howls in rage.
Azrael closely misses you.
You hit Azrael.
Azrael is heavily wounded.
You slash Azrael! You slash Azrael, but do no damage.
Azrael is heavily wounded.
The fire elemental misses you.
Azrael hits you with a scimitar of flaming!
* * * LOW HITPOINT WARNING * * *
Azrael burns you.
* * * LOW HITPOINT WARNING * * *
The fire elemental closely misses you.
Unknown command.
You can feel time thicken for a moment.
You feel somewhat more hungry.
You can no longer step out of the time flow.
Cheibriados lowers the support of your attributes as your movement quickens.
The fire elemental hits you. The fire elemental burns you!
* * * LOW HITPOINT WARNING * * *
The fire elemental hits you. The fire elemental burns you!
* * * LOW HITPOINT WARNING * * *
Azrael gestures at you.
The fireball explodes!
The fireball engulfs you!
You die...

#.....## .......## ...
.... ........##
###.##...#.
.......#.#####.#.#......
..........##............
..###.##.##...........#
....#######..........#..
.....# ##.....$.E......
....## #.......@EE..#.
.#.### ##......#R§§....
.###.## #.......§§......
[.)...# ##....[[..§§....
).....##.#...<....§#....
).........#...........#h
......##.##.............
....)#######....#..#.§..
....).#.##.#.......##..


You could see Azrael, 3 fire elementals and a warg.

Vanquished Creatures
  Rupert (Orc:2)
  A vault guard (D:13)
  4 two-headed ogres
  An orc high priest (Orc:1)
  2 wizards (D:13)
  An orc knight (Orc:1)
  A necromancer (D:13)
  A centaur zombie (D:13)
  2 kobold demonologists (D:13)
  3 trolls
  A hornet (D:12)
  4 slime creatures (D:13)
  A hippogriff (D:13)
  A vampire (D:9)
  2 wyverns
  Sigmund (D:4)
  Eustachio (D:4)
  20 humans (D:13)
  16 yaks
  2 vampire mosquitoes (D:12)
  2 wargs
  A hell hound (Orc:2)
  An ice beast (D:10)
  17 orc warriors
  A hornet zombie (D:12)
  A phantom (D:11)
  A sky beast (D:9)
  An eye of draining (D:12)
  A centaur (D:9)
  13 ogres
  2 big kobolds
  4 bullfrogs
  A gnoll sergeant (D:10)
  A wyvern skeleton (D:13)
  A water moccasin skeleton (D:8)
  A scorpion (D:9)
  7 wights
  4 howler monkeys
  3 crimson imps
  A jelly (D:11)
  A quasit (D:9)
  A gnoll shaman (Orc:2)
  6 hounds
  17 orc wizards
  10 orc priests
  A bullfrog skeleton (D:8)
  2 iguanas
  4 worker ants
  2 hound skeletons
  A howler monkey zombie (D:8)
  9 gnolls
  10 adders
  2 shadow imps
  An ooze (D:5)
  An adder skeleton (D:4)
  2 worms (D:4)
  3 dart slugs
  4 leopard geckos
  60 orcs
  2 giant cockroaches (D:8)
  3 goblins
  6 hobgoblins
  10 jackals
  3 kobolds
  6 bats
  A jackal skeleton (D:4)
  A leopard gecko zombie (D:7)
  3 rats
302 creatures vanquished.

Vanquished Creatures (collateral kills)
  An orc high priest (Orc:1)
  2 orc warriors
  A jelly (D:6)
  2 orc wizards (Orc:1)
  A gnoll (D:10)
  An adder (D:2)
  6 orcs
14 creatures vanquished.

Grand Total: 316 creatures vanquished

Notes
Turn   | Place    | Note
-------+----------+-------------------------------------------
     0 | D:1      | tidbits the Gnoll Transmuter began the quest for the Orb.
     0 | D:1      | Reached XP level 1. HP: 17/17 MP: 6/6
    89 | D:2      | Reached XP level 2. HP: 15/23 MP: 7/7
    93 | D:2      | Learned a level 2 spell: Sticks to Snakes
   249 | D:2      | Learned a level 1 spell: Apportation
   263 | D:2      | Reached XP level 3. HP: 26/28 MP: 5/9
   268 | D:2      | Learned a level 3 spell: Spider Form
   376 | D:3      | Reached skill level 5 in Spellcasting
   439 | D:2      | Noticed an ogre
   472 | D:2      | Killed an ogre
   472 | D:2      | Reached skill level 1 in Short Blades
   472 | D:2      | Reached skill level 1 in Long Blades
   472 | D:2      | Reached skill level 1 in Axes
   472 | D:2      | Reached skill level 1 in Maces & Flails
   472 | D:2      | Reached skill level 1 in Polearms
   472 | D:2      | Reached skill level 1 in Staves
   472 | D:2      | Reached skill level 1 in Slings
   472 | D:2      | Reached skill level 1 in Bows
   472 | D:2      | Reached skill level 1 in Crossbows
   472 | D:2      | Reached skill level 1 in Throwing
   472 | D:2      | Reached skill level 1 in Armour
   472 | D:2      | Reached skill level 1 in Stealth
   472 | D:2      | Reached skill level 1 in Shields
   472 | D:2      | Reached skill level 1 in Conjurations
   472 | D:2      | Reached skill level 1 in Hexes
   472 | D:2      | Reached skill level 1 in Charms
   472 | D:2      | Reached skill level 1 in Summonings
   472 | D:2      | Reached skill level 1 in Necromancy
   472 | D:2      | Reached skill level 1 in Translocations
   472 | D:2      | Reached skill level 1 in Fire Magic
   472 | D:2      | Reached skill level 1 in Ice Magic
   472 | D:2      | Reached skill level 1 in Air Magic
   472 | D:2      | Reached skill level 1 in Earth Magic
   472 | D:2      | Reached skill level 1 in Poison Magic
   472 | D:2      | Reached skill level 1 in Invocations
   472 | D:2      | Reached skill level 1 in Evocations
   472 | D:2      | Reached XP level 4. HP: 34/34 MP: 4/11
   577 | D:3      | Reached XP level 5. HP: 40/40 MP: 6/12
   735 | D:5      | Entered Level 5 of the Dungeon
   753 | D:4      | Noticed Eustachio
   772 | D:4      | Killed Eustachio
   772 | D:4      | Reached skill level 3 in Fighting
   772 | D:4      | Reached skill level 4 in Transmutations
   772 | D:4      | Reached skill level 2 in Invocations
   772 | D:4      | Reached XP level 6. HP: 42/47 MP: 4/14
   778 | D:4      | Learned a level 4 spell: Ice Form
   812 | D:4      | Reached skill level 5 in Dodging
   821 | D:4      | Reached skill level 2 in Short Blades
   821 | D:4      | Reached skill level 2 in Long Blades
   821 | D:4      | Reached skill level 2 in Axes
   821 | D:4      | Reached skill level 2 in Maces & Flails
   821 | D:4      | Reached skill level 2 in Polearms
   821 | D:4      | Reached skill level 2 in Staves
   821 | D:4      | Reached skill level 2 in Slings
   821 | D:4      | Reached skill level 2 in Bows
   821 | D:4      | Reached skill level 2 in Crossbows
   821 | D:4      | Reached skill level 2 in Throwing
   821 | D:4      | Reached skill level 2 in Armour
   821 | D:4      | Reached skill level 2 in Stealth
   821 | D:4      | Reached skill level 2 in Shields
   821 | D:4      | Reached skill level 2 in Evocations
   858 | D:4      | Reached XP level 7. HP: 13/52 MP: 1/15
   901 | D:4      | Reached skill level 7 in Unarmed Combat
   901 | D:4      | Reached skill level 2 in Conjurations
   901 | D:4      | Reached skill level 2 in Hexes
   901 | D:4      | Reached skill level 2 in Charms
   901 | D:4      | Reached skill level 2 in Summonings
   901 | D:4      | Reached skill level 2 in Necromancy
   901 | D:4      | Reached skill level 2 in Translocations
   901 | D:4      | Reached skill level 2 in Fire Magic
   901 | D:4      | Reached skill level 2 in Ice Magic
   901 | D:4      | Reached skill level 2 in Air Magic
   901 | D:4      | Reached skill level 2 in Earth Magic
   901 | D:4      | Reached skill level 2 in Poison Magic
   993 | D:4      | Noticed Sigmund
  1007 | D:4      | Killed Sigmund
  1007 | D:4      | Reached skill level 3 in Invocations
  1007 | D:4      | Reached XP level 8. HP: 31/60 MP: 0/16
  1032 | D:5      | Found a staircase to the Ecumenical Temple.
  1043 | Temple   | Entered the Ecumenical Temple
  1064 | Temple   | Became a worshipper of Cheibriados the Contemplative
  1117 | D:5      | Learned a level 3 spell: Regeneration
  1144 | D:5      | Found Plog's Antique Armour Shop.
  1200 | D:5      | Bought a runed cloak for 195 gold pieces
  1273 | D:6      | Reached skill level 4 in Fighting
  1273 | D:6      | Reached skill level 3 in Short Blades
  1273 | D:6      | Reached skill level 3 in Long Blades
  1273 | D:6      | Reached skill level 3 in Axes
  1273 | D:6      | Reached skill level 3 in Maces & Flails
  1273 | D:6      | Reached skill level 3 in Polearms
  1273 | D:6      | Reached skill level 3 in Staves
  1273 | D:6      | Reached skill level 3 in Slings
  1273 | D:6      | Reached skill level 3 in Bows
  1273 | D:6      | Reached skill level 3 in Crossbows
  1273 | D:6      | Reached skill level 3 in Throwing
  1273 | D:6      | Reached skill level 3 in Armour
  1273 | D:6      | Reached skill level 3 in Stealth
  1273 | D:6      | Reached skill level 3 in Shields
  1273 | D:6      | Reached skill level 3 in Evocations
  1560 | D:7      | Reached skill level 6 in Spellcasting
  1750 | D:8      | Reached * piety under Cheibriados
  1760 | D:8      | Noticed a two-headed ogre
  1795 | D:8      | Killed a two-headed ogre
  1795 | D:8      | Reached skill level 4 in Short Blades
  1795 | D:8      | Reached skill level 4 in Long Blades
  1795 | D:8      | Reached skill level 4 in Axes
  1795 | D:8      | Reached skill level 4 in Maces & Flails
  1795 | D:8      | Reached skill level 4 in Polearms
  1795 | D:8      | Reached skill level 4 in Staves
  1795 | D:8      | Reached skill level 4 in Slings
  1795 | D:8      | Reached skill level 4 in Bows
  1795 | D:8      | Reached skill level 4 in Crossbows
  1795 | D:8      | Reached skill level 4 in Throwing
  1795 | D:8      | Reached skill level 4 in Armour
  1795 | D:8      | Reached skill level 6 in Dodging
  1795 | D:8      | Reached skill level 4 in Stealth
  1795 | D:8      | Reached skill level 4 in Shields
  1795 | D:8      | Reached skill level 3 in Conjurations
  1795 | D:8      | Reached skill level 3 in Hexes
  1795 | D:8      | Reached skill level 3 in Charms
  1795 | D:8      | Reached skill level 3 in Summonings
  1795 | D:8      | Reached skill level 3 in Necromancy
  1795 | D:8      | Reached skill level 3 in Translocations
  1795 | D:8      | Reached skill level 5 in Transmutations
  1795 | D:8      | Reached skill level 3 in Fire Magic
  1795 | D:8      | Reached skill level 3 in Ice Magic
  1795 | D:8      | Reached skill level 3 in Air Magic
  1795 | D:8      | Reached skill level 3 in Earth Magic
  1795 | D:8      | Reached skill level 3 in Poison Magic
  1795 | D:8      | Reached skill level 4 in Invocations
  1795 | D:8      | Reached skill level 4 in Evocations
  1795 | D:8      | Reached XP level 9. HP: 28/67 MP: 6/18
  1837 | D:8      | Reached skill level 5 in Fighting
  1974 | D:7      | Learned a level 5 spell: Blade Hands
  2091 | D:9      | Reached skill level 8 in Unarmed Combat
  2099 | D:9      | Reached ** piety under Cheibriados
  2180 | D:9      | Found a roughly hewn altar of Beogh.
  2208 | D:9      | Found a radiant altar of Vehumet.
  2240 | D:9      | Reached skill level 5 in Invocations
  2282 | D:9      | Noticed a two-headed ogre
  2293 | D:9      | HP: 8/81 [two-headed ogre/giant spiked club (9)]
  2295 | D:9      | Killed a two-headed ogre
  2295 | D:9      | Reached skill level 7 in Spellcasting
  2295 | D:9      | Reached skill level 4 in Conjurations
  2295 | D:9      | Reached skill level 4 in Hexes
  2295 | D:9      | Reached skill level 4 in Charms
  2295 | D:9      | Reached skill level 4 in Summonings
  2295 | D:9      | Reached skill level 4 in Necromancy
  2295 | D:9      | Reached skill level 4 in Translocations
  2295 | D:9      | Reached skill level 4 in Fire Magic
  2295 | D:9      | Reached skill level 4 in Ice Magic
  2295 | D:9      | Reached skill level 4 in Air Magic
  2295 | D:9      | Reached skill level 4 in Earth Magic
  2295 | D:9      | Reached skill level 4 in Poison Magic
  2295 | D:9      | Reached XP level 10. HP: 9/75 MP: 4/20
  2362 | D:9      | Reached skill level 5 in Short Blades
  2362 | D:9      | Reached skill level 5 in Long Blades
  2362 | D:9      | Reached skill level 5 in Axes
  2362 | D:9      | Reached skill level 5 in Maces & Flails
  2362 | D:9      | Reached skill level 5 in Polearms
  2362 | D:9      | Reached skill level 5 in Staves
  2362 | D:9      | Reached skill level 5 in Slings
  2362 | D:9      | Reached skill level 5 in Bows
  2362 | D:9      | Reached skill level 5 in Crossbows
  2362 | D:9      | Reached skill level 5 in Throwing
  2362 | D:9      | Reached skill level 5 in Armour
  2362 | D:9      | Reached skill level 5 in Stealth
  2362 | D:9      | Reached skill level 5 in Shields
  2362 | D:9      | Reached skill level 5 in Evocations
  2493 | D:10     | Entered Level 10 of the Dungeon
  2498 | D:10     | Reached *** piety under Cheibriados
  2584 | D:10     | Found Jeeqob's Jewellery Boutique.
  2594 | D:10     | Reached skill level 7 in Dodging
  2626 | D:10     | Noticed a two-headed ogre
  2633 | D:10     | Killed a two-headed ogre
  2633 | D:10     | Reached skill level 6 in Fighting
  2658 | D:10     | Reached skill level 6 in Transmutations
  2658 | D:10     | Reached skill level 6 in Invocations
  2672 | D:10     | Found a staircase to the Lair.
  2700 | D:11     | Noticed Demitroll's ghost (journeyman TeFi)
  2813 | D:12     | Reached XP level 11. HP: 82/82 MP: 9/22
  2864 | D:12     | Reached **** piety under Cheibriados
  2933 | D:12     | Reached skill level 6 in Short Blades
  2933 | D:12     | Reached skill level 6 in Long Blades
  2933 | D:12     | Reached skill level 6 in Axes
  2933 | D:12     | Reached skill level 6 in Maces & Flails
  2933 | D:12     | Reached skill level 6 in Polearms
  2933 | D:12     | Reached skill level 6 in Staves
  2933 | D:12     | Reached skill level 6 in Slings
  2933 | D:12     | Reached skill level 6 in Bows
  2933 | D:12     | Reached skill level 6 in Crossbows
  2933 | D:12     | Reached skill level 6 in Throwing
  2933 | D:12     | Reached skill level 6 in Armour
  2933 | D:12     | Reached skill level 6 in Stealth
  2933 | D:12     | Reached skill level 6 in Shields
  2933 | D:12     | Reached skill level 9 in Unarmed Combat
  2933 | D:12     | Reached skill level 6 in Evocations
  2953 | D:12     | Found a staircase to the Orcish Mines.
  2989 | D:12     | Reached skill level 5 in Conjurations
  2989 | D:12     | Reached skill level 5 in Hexes
  2989 | D:12     | Reached skill level 5 in Charms
  2989 | D:12     | Reached skill level 5 in Summonings
  2989 | D:12     | Reached skill level 5 in Necromancy
  2989 | D:12     | Reached skill level 5 in Translocations
  2989 | D:12     | Reached skill level 5 in Fire Magic
  2989 | D:12     | Reached skill level 5 in Ice Magic
  2989 | D:12     | Reached skill level 5 in Air Magic
  2989 | D:12     | Reached skill level 5 in Earth Magic
  2989 | D:12     | Reached skill level 5 in Poison Magic
  3029 | Orc:1    | Entered Level 1 of the Orcish Mines
  3032 | Orc:1    | Noticed an orc high priest
  3156 | D:13     | Reached skill level 8 in Spellcasting
  3188 | D:13     | Noticed a two-headed ogre
  3193 | D:13     | Killed a two-headed ogre
  3218 | D:13     | Learned a level 3 spell: Confuse
  3283 | D:13     | Reached skill level 7 in Invocations
  3300 | D:13     | Reached skill level 7 in Fighting
  3300 | D:13     | Reached skill level 8 in Dodging
  3304 | D:13     | Noticed a wizard
  3310 | D:13     | Killed a wizard
  3332 | D:13     | Noticed a wizard
  3332 | D:13     | Reached ***** piety under Cheibriados
  3333 | D:13     | Reached XP level 12. HP: 81/91 MP: 8/24
  3351 | D:13     | Noticed a vault guard
  3354 | D:13     | Killed a vault guard
  3354 | D:13     | Reached skill level 7 in Transmutations
  3377 | D:13     | Found a gate to the Vaults.
  3384 | D:13     | Reached skill level 7 in Short Blades
  3384 | D:13     | Reached skill level 7 in Long Blades
  3384 | D:13     | Reached skill level 7 in Axes
  3384 | D:13     | Reached skill level 7 in Maces & Flails
  3384 | D:13     | Reached skill level 7 in Polearms
  3384 | D:13     | Reached skill level 7 in Staves
  3384 | D:13     | Reached skill level 7 in Slings
  3384 | D:13     | Reached skill level 7 in Bows
  3384 | D:13     | Reached skill level 7 in Crossbows
  3384 | D:13     | Reached skill level 7 in Throwing
  3384 | D:13     | Reached skill level 7 in Armour
  3384 | D:13     | Reached skill level 7 in Stealth
  3384 | D:13     | Reached skill level 7 in Shields
  3384 | D:13     | Reached skill level 7 in Evocations
  3607 | Orc:1    | Reached skill level 6 in Conjurations
  3607 | Orc:1    | Reached skill level 6 in Hexes
  3607 | Orc:1    | Reached skill level 6 in Charms
  3607 | Orc:1    | Reached skill level 6 in Summonings
  3607 | Orc:1    | Reached skill level 6 in Necromancy
  3607 | Orc:1    | Reached skill level 6 in Translocations
  3607 | Orc:1    | Reached skill level 6 in Fire Magic
  3607 | Orc:1    | Reached skill level 6 in Ice Magic
  3607 | Orc:1    | Reached skill level 6 in Air Magic
  3607 | Orc:1    | Reached skill level 6 in Earth Magic
  3607 | Orc:1    | Reached skill level 6 in Poison Magic
  3608 | Orc:1    | Noticed a sun demon
  3611 | Orc:1    | Killed an orc high priest
  3611 | Orc:1    | Reached skill level 8 in Invocations
  3613 | Orc:1    | Reached skill level 9 in Spellcasting
  3801 | Orc:2    | Entered Level 2 of the Orcish Mines
  3801 | Orc:2    | Noticed Rupert
  3809 | Orc:2    | Killed Rupert
  3809 | Orc:2    | Reached skill level 8 in Fighting
  3809 | Orc:2    | Reached skill level 10 in Unarmed Combat
  3809 | Orc:2    | Reached skill level 9 in Dodging
  3864 | Orc:1    | Noticed an orc high priest
  3878 | Orc:1    | Killed an orc high priest
  3878 | Orc:1    | Reached XP level 13. HP: 29/98 MP: 8/26
  3909 | Orc:1    | Found a radiant altar of Vehumet.
  4068 | Orc:2    | Noticed Azrael
  4076 | Orc:2    | HP: 6/98 [fire elemental[Azrael] (9)]
  4076 | Orc:2    | Killed from afar by Azrael

Vault maps used:
D:1:      dpeg_arrival_water_temple_mockup, minmay_cupped
D:3:      palyth_stone_intersect
D:4:      minmay_opposing_rooms, guppyfry_early_lair_pool, uniq_sigmund,
          uniq_eustachio, uniq_pikel, uniq_blork_the_orc
D:5:      minmay_temple_entry_trees, serial_shops, nicolae_shop_statue_plus,
          first_ration, minmay_misc_feat_rows, uniq_crazy_yiuf_cottage,
          uniq_edmund
D:7:      serial_park_tiny_pond, grunt_ogre_cave
D:8:      special_room, hex_tiny, nemelex_altar_shiori
D:9:      lemuel_doored_altar, special_room, minmay_misc_feat_enclosed
D:10:     lair_entry_dummy, serial_shops, shop
D:11:     uniq_erica
D:12:     david_orc_3
D:13:     grunt_vaults_entry_tiered
Temple:   nicolae_temple_the_god_donut
Orc:1:    basic_altar
Orc:2:    st_orc_open, uniq_azrael, uniq_rupert

Skill      XL: |  1  2  3  4  5  6  7  8  9 10 11 12 |
---------------+-------------------------------------+-----
Spellcasting   | 5 6 7 8 9 |  9.3
Short Blades   | 1 2 4 5 6 7 |  7.8
Long Blades    | 1 2 4 5 6 7 |  7.8
Axes           | 1 2 4 5 6 7 |  7.8
Maces & Flails | 1 2 4 5 6 7 |  7.8
Polearms       | 1 2 4 5 6 7 |  7.8
Staves         | 1 2 4 5 6 7 |  7.8
Slings         | 1 2 4 5 6 7 |  7.8
Bows           | 1 2 4 5 6 7 |  7.8
Crossbows      | 1 2 4 5 6 7 |  7.8
Throwing       | 1 2 4 5 6 7 |  7.8
Armour         | 1 2 4 5 6 7 |  7.8
Stealth        | 1 2 4 5 6 7 |  7.8
Shields        | 1 2 4 5 6 7 |  7.8
Conjurations   | 1 2 3 4 5 6 |  6.4
Hexes          | 1 2 3 4 5 6 |  6.4
Charms         | 1 2 3 4 5 6 |  6.4
Summonings     | 1 2 3 4 5 6 |  6.4
Necromancy     | 1 2 3 4 5 6 |  6.4
Translocations | 1 2 3 4 5 6 |  6.4
Fire Magic     | 1 2 3 4 5 6 |  6.4
Ice Magic      | 1 2 3 4 5 6 |  6.4
Air Magic      | 1 2 3 4 5 6 |  6.4
Earth Magic    | 1 2 3 4 5 6 |  6.4
Poison Magic   | 1 2 3 4 5 6 |  6.4
Invocations    | 1 2 3 4 5 6 7 8 |  8.5
Evocations     | 1 2 4 5 6 7 |  7.8
Fighting       | 3 4 5 6 7 8 |  8.2
Transmutations | 4 5 6 7 |  7.6
Dodging        | 5 6 7 8 9 |  9.1
Unarmed Combat | 7 8 9 10 | 10.1

Action                   |  1- 3 |  4- 6 |  7- 9 | 10-12 | 13-15 || total
-------------------------+-------+-------+-------+-------+-------++-------
Melee: Unarmed           |    32 |    61 |   175 |   272 |    26 ||   566
       Bite              |     2 |     1 |    19 |    53 |     2 ||    77
       Headbutt          |     3 |       |     1 |       |       ||     4
       Punch             |     1 |       |     3 |    19 |     2 ||    25
       Kick              |     1 |       |     6 |       |       ||     7
       Dagger            |     1 |     7 |    60 |    53 |     1 ||   122
Throw: Tomahawk          |       |       |     4 |    12 |       ||    16
       Stone             |       |       |     1 |       |       ||     1
 Cast: Beastly Appendage |     8 |     1 |     4 |     1 |       ||    14
       Sticks to Snakes  |     2 |     4 |     9 |    11 |     2 ||    28
       Spider Form       |     2 |     8 |     4 |       |       ||    14
       Ice Form          |       |       |     9 |     1 |       ||    10
       Apportation       |       |       |    22 |    40 |     5 ||    67
       Regeneration      |       |       |     9 |    21 |     2 ||    32
       Blade Hands       |       |       |     5 |    24 |     4 ||    33
       Confuse           |       |       |       |     3 |       ||     3
Invok: Bend Time         |       |       |     2 |     3 |       ||     5
       Slouch            |       |       |       |     4 |     1 ||     5
       Temporal Distorti |       |       |       |       |     1 ||     1
 Abil: End Transformatio |       |       |     2 |     3 |       ||     5
Evoke: Wand              |       |       |       |     2 |       ||     2
  Use: Potion            |       |     1 |     7 |       |       ||     8
       Scroll            |       |       |    14 |     4 |       ||    18
 Stab: Sleeping          |     1 |     1 |     4 |    12 |       ||    18
       Distracted        |       |     1 |     1 |     1 |       ||     3
       Invisible         |       |       |     1 |       |       ||     1
       Confused          |       |       |       |     4 |       ||     4
  Eat: Chunk             |       |     1 |     8 |     4 |     2 ||    15
       Ration            |       |       |       |     1 |       ||     1
Armor: Robe              |     4 |     8 |    11 |    29 |     4 ||    56
       Skin              |       |     5 |     2 |     2 |       ||     9
Dodge: Dodged            |    18 |    80 |   160 |   213 |    25 ||   496
Block: Buckler           |       |       |       |     1 |     1 ||     2

Table legend:
 A = Spawn XP
 B = Non-spawn XP
 C = Spawn XP percentage of total XP
 D = Spawn monster count
 E = Non-spawn monster count
 F = Spawn count percentage of total count
 G = Total turns spent on level
                    A         B        C        D         E        F      G
               +---------+---------+-------+---------+---------+-------+---------
         Total |       0 |   33459 |   0.0 |       0 |     316 |   0.0 |  4076
               +---------+---------+-------+---------+---------+-------+---------
           D:1 |       0 |      13 |   0.0 |       0 |       7 |   0.0 |   164
           D:2 |       0 |     123 |   0.0 |       0 |       8 |   0.0 |   203
           D:3 |       0 |      39 |   0.0 |       0 |      14 |   0.0 |   265
           D:4 |       0 |    1116 |   0.0 |       0 |      26 |   0.0 |   409
           D:5 |       0 |      42 |   0.0 |       0 |       3 |   0.0 |   147
           D:6 |       0 |     178 |   0.0 |       0 |       4 |   0.0 |   181
           D:7 |       0 |     172 |   0.0 |       0 |       6 |   0.0 |   226
           D:8 |       0 |    2312 |   0.0 |       0 |      35 |   0.0 |   458
           D:9 |       0 |    2279 |   0.0 |       0 |      42 |   0.0 |   463
          D:10 |       0 |    2633 |   0.0 |       0 |      20 |   0.0 |   152
          D:11 |       0 |     175 |   0.0 |       0 |       2 |   0.0 |    69
          D:12 |       0 |    4397 |   0.0 |       0 |      40 |   0.0 |   406
          D:13 |       0 |   10876 |   0.0 |       0 |      36 |   0.0 |   405
         Orc:1 |       0 |    5313 |   0.0 |       0 |      57 |   0.0 |   341
         Orc:2 |       0 |    3791 |   0.0 |       0 |      16 |   0.0 |   144
               +---------+---------+-------+---------+---------+-------+---------

Table legend:
 A = Turns spent in this place as a percentage of turns spent in the entire game.
 B = Non-inter-level travel turns spent in this place as a percentage of non-inter-level travel turns spent in the entire game.
 C = Inter-level travel turns spent in this place as a percentage of turns spent in this place.
 D = Turns resting spent in this place as a percentage of non-inter-level travel turns spent in this place.
 E = Turns spent auto-exploring this place as a percentage of non-inter-level travel turns spent in this place.
 F = Non-inter-level travel turns spent in this place divided by the number of levels of this place that you've seen.
                   A       B       C       D       E      F
               +-------+-------+-------+-------+-------+----------------------
         Total | 100.0 | 100.0 |   0.6 |   0.0 |   0.0 | 253.1
       Dungeon |  87.0 |  87.6 |   0.0 |   0.0 |   0.0 | 272.9
        Temple |   1.1 |   0.4 |  60.5 |   0.0 |   0.0 |  17.0
  Orcish Mines |  11.9 |  12.0 |   0.0 |   0.0 |   0.0 | 242.5
               +-------+-------+-------+-------+-------+----------------------

Table legend:
 A = Kills in this place as a percentage of kills in entire the game.
 B = Kills by you in this place as a percentage of kills by you in the entire game.
 C = Kills by friends in this place as a percentage of kills by friends in the entire game.
 D = Other kills in this place as a percentage of other kills in the entire game.
 E = Experience gained in this place as a percentage of experience gained in the entire game.
 F = Experience gained in this place divided by the number of levels of this place that you have seen.
                   A       B       C       D       E      F
               +-------+-------+-------+-------+-------+----------------------
         Total | 100.0 | 100.0 | 100.0 | 100.0 | 100.0 | 2091.2
       Dungeon |  76.9 |  78.7 |  35.7 | 100.0 |  72.8 | 1873.5
  Orcish Mines |  23.1 |  21.3 |  64.3 |   0.0 |  27.2 | 4552.0
               +-------+-------+-------+-------+-------+----------------------

Vault maps used:
D:1:      dpeg_arrival_water_temple_mockup, minmay_cupped
D:3:      palyth_stone_intersect
D:4:      minmay_opposing_rooms, guppyfry_early_lair_pool, uniq_sigmund,
          uniq_eustachio, uniq_pikel, uniq_blork_the_orc
D:5:      minmay_temple_entry_trees, serial_shops, nicolae_shop_statue_plus,
          first_ration, minmay_misc_feat_rows, uniq_crazy_yiuf_cottage,
          uniq_edmund
D:7:      serial_park_tiny_pond, grunt_ogre_cave
D:8:      special_room, hex_tiny, nemelex_altar_shiori
D:9:      lemuel_doored_altar, special_room, minmay_misc_feat_enclosed
D:10:     lair_entry_dummy, serial_shops, shop
D:11:     uniq_erica
D:12:     david_orc_3
D:13:     grunt_vaults_entry_tiered
Temple:   nicolae_temple_the_god_donut
Orc:1:    basic_altar
Orc:2:    st_orc_open, uniq_azrael, uniq_rupert
